 Dungeon Crawl Stone Soup version 0.28.0 (webtiles) character file.

Game seed: 5085616873143832691

111 mopl the Chopper (level 5, -5/38 HPs)
             Began as a Formicid Warper on Feb 14, 2022.
             Slain by a gnoll (6 damage)
             ... on level 2 of the Dungeon.
             The game lasted 00:02:22 (2740 turns).

mopl the Chopper (Formicid Warper)                  Turns: 2740, Time: 00:02:23

Health: -5/38      AC:  3    Str: 22    XL:     5   Next: 15%
Magic:  8/8        EV: 11    Int: 14    God:
Gold:   105        SH:  0    Dex: 10    Spells: 8/8 levels left

rFire   . . .      SeeInvis +   a - +0 hand axe
rCold   . . .      Faith    .   (no shield)
rNeg    . . .      Spirit   .   b - +0 leather armour
rPois   .          Reflect  .   (helmet unavailable)
rElec   .          Harm     .   (no cloak)
rCorr   .          Rampage  .   (no gloves)
Will    .....                   (no boots)
Stlth   +.........              (no amulet)
HPRegen 0.12/turn               k - +6 ring of strength
MPRegen 0.11/turn               (no ring)

@: no status effects
A: permanent stasis, dig shafts and tunnels, antennae 3, four strong arms
a: Dig, Shaft Self


You were on level 2 of the Dungeon.
You visited 1 branch of the dungeon, and saw 3 of its levels.

You collected 105 gold pieces.

Inventory:

Hand Weapons
 a - a +0 hand axe (weapon)
Missiles
 c - 5 boomerangs of dispersal (quivered)
 f - 4 atropa-tipped darts
 i - 2 poisoned darts
 j - a boomerang
Armour
 b - a +0 leather armour (worn)
Jewellery
 k - a +6 ring of strength (left hand)
Scrolls
 d - 3 scrolls of identify {unknown}
 g - a scroll of summoning {unknown}
 m - a scroll of blinking {unknown}
Potions
 e - a potion of degeneration {unknown}
 h - a potion of mutation {unknown}
 l - 2 potions of heal wounds {unknown}


   Skills:
 - Level 2.1 Fighting
 + Level 4.9 Axes
 - Level 1.0 Throwing
 - Level 1.1 Armour
 - Level 1.7 Dodging
 - Level 2.1 Spellcasting
 - Level 2.6 Translocations


You had 8 spell levels left.
You didn't know any spells.
Your spell library contained the following spells:

 Spells                   Type           Power      Damage    Failure   Level
 Gell's Gravitas          Tloc           9%         N/A       26%         3
 Lesser Beckoning         Tloc           9%         N/A       26%         3
 Teleport Other           Tloc           9%         N/A       26%         3
 Ensorcelled Hibernation  Hex/Ice        2%         N/A       38%         2
 Portal Projectile        Hex/Tloc       10%        N/A       43%         3
 Call Canine Familiar     Summ           1%         N/A       63%         3
 Spider Form              Tmut/Pois      1%         N/A       63%         3
 Manifold Assault         Tloc           9%         N/A       94%         5
 Anguish                  Hex/Necr       0%         N/A       95%         4
 Leda's Liquefaction      Hex/Erth       0%         N/A       95%         4
 Blink                    Tloc           Unusable   N/A       N/A         2

Dungeon Overview and Level Annotations

Branches:
Dungeon (3/15)

Altars:


Innate Abilities, Weirdness & Mutations

You cannot be hasted, slowed, berserked, paralysed or teleported.
You can dig through walls and to a lower floor.
You have a pair of large antennae on your head. (SInv)
Your four strong arms can wield two-handed weapons with a shield.


Message History

You start resting.
HP restored.
Items here: )) [ †.
There is a stone staircase leading down, spattered with blood here.
Items here: )) [ †.
Okay, then.
There is a stone staircase leading down, spattered with blood here.
You climb downwards.
The gnoll barely misses you.
There is a stone staircase leading up, spattered with blood here.
Unknown command.
Things that are here:
a +0 mace; an orc skeleton The gnoll hits you with a +0 halberd.
The gnoll barely misses you.
There is a stone staircase leading up, spattered with blood here.
The gnoll hits you with a +0 halberd. The gnoll barely misses you.
You climb upwards.
There is a stone staircase leading down, spattered with blood here.
You closely miss the gnoll. The gnoll barely misses you.
You hit the gnoll but do no damage. The gnoll hits you with a +0 halberd.
You completely miss the gnoll. The gnoll hits you with a +0 halberd!
You are too injured to fight recklessly!
You are too injured to fight recklessly!
You hit the gnoll.
The gnoll is heavily wounded.
The gnoll hits you with a +0 halberd!
* * * LOW HITPOINT WARNING * * *
You hit the gnoll.
The gnoll is severely wounded.
The gnoll hits you with a +0 halberd.
* * * LOW HITPOINT WARNING * * *
You barely miss the gnoll.
The gnoll is severely wounded.
The gnoll barely misses you.
You closely miss the gnoll.
The gnoll is severely wounded.
The gnoll barely misses you.
You hit the gnoll.
The gnoll is severely wounded.
The gnoll hits you with a +0 halberd.
You die...

###.## #.....####.### #.#
#.....####.#### #.#
#.....#...)...# ###.#
#.....#.##.##.# #...#
##.....#.##.##.# #...#
#......#.##..#.# #...#
#.##.#.#.###.#.# ##.##
#.##.#.#g###.#.# #†#
#.##....@...(..# #.#
#.####.###.#.### #.####
#.##.......#.# ###
#....###............###.###
#####.........#########.#..######
# ########.## ##.#......> #####
#.# #.######## ....# #.# #.#
###.#### ##.## #.#


You could see a gnoll.

Vanquished Creatures
  An orc wizard (D:2)
  2 adders (D:2)
  A gnoll (D:2)
  A worm (D:2)
  3 dart slugs
  3 orcs (D:3)
  2 endoplasms (D:2)
  2 goblins
  4 hobgoblins
  4 jackals
  5 kobolds
  4 quokkas
  5 ball pythons (D:1)
  4 bats
  A frilled lizard (D:1)
  5 rats
47 creatures vanquished.

Notes
Turn   | Place    | Note
-------+----------+-------------------------------------------
     0 | D:1      | mopl the Formicid Warper began the quest for the Orb.
     0 | D:1      | Reached XP level 1. HP: 16/16 MP: 3/3
   207 | D:1      | Reached XP level 2. HP: 4/22 MP: 5/5
   827 | D:1      | Reached skill level 3 in Axes
  1020 | D:1      | Reached XP level 3. HP: 24/27 MP: 6/6
  1735 | D:2      | Reached skill level 4 in Axes
  1735 | D:2      | Reached XP level 4. HP: 25/33 MP: 7/7
  2567 | D:3      | Reached XP level 5. HP: 37/38 MP: 8/8
  2737 | D:2      | HP: 1/38 [gnoll (3)]
  2740 | D:2      | Slain by a gnoll

Illustrated notes

Levels and vault maps discovered:
D:1:      dpeg_arrival_pits, layout_basic
D:2:      layout_loops_cross, hangedman_decor_clover_reticule
D:3:      layout_rooms, grunt_decor_mini_mirrors

Skill      XL: |  1  2  3 |
---------------+----------+-----
Axes           | 3 4 |  4.9
Fighting       | |  2.1
Throwing       | |  1.0
Armour         | |  1.1
Dodging        | |  1.7
Spellcasting   | |  2.1
Translocations | |  2.6

Action                   |  1- 3 |  4- 6 || total
-------------------------+-------+-------++-------
Melee: Hand axe          |   120 |    68 ||   188
       Punch             |     3 |     1 ||     4
Armor: Leather armour    |    42 |    20 ||    62
Dodge: Dodged            |    87 |    34 ||   121
